 Dungeon Crawl Stone Soup version 0.21-a0-1-gaf3b9a5 (webtiles) character file.

28 zhorgal the Charmwright (level 3, 1/29 HPs)
             Began as a Barachi Skald on May 20, 2017.
             Quit the game on level 3 of the Dungeon.
             The game lasted 00:04:28 (927 turns).

zhorgal the Charmwright (Barachi Skald)              Turns: 927, Time: 00:04:29

Health: 1/29       AC:  4    Str: 12    XL:     3   Next: 12%
Magic:  6/6        EV: 12    Int: 14    God:
Gold:   66         SH:  0    Dex: 11    Spells: 3/6 levels left

rFire    . . .     SeeInvis .   a - +0 falchion
rCold    . . .     Gourm    .   (no shield)
rNeg     . . .     Faith    .   v - +1 leather armour
rPois    .         Spirit   .   (no helmet)
rElec    .         Reflect  .   (no cloak)
rCorr    .         Harm     .   (no gloves)
MR       .....                  (no boots)
Stlth    +.........             (no amulet)
Regen    0.1/turn               (no ring)
MPRegen  0.1/turn               (no ring)

@: lethally poisoned (1 -> -14), slow
A: +LOS, swims, slowness 1, strong legs 1
a: Hop


You were on level 3 of the Dungeon.
You were not hungry.

You visited 1 branch of the dungeon, and saw 3 of its levels.

You collected 66 gold pieces.

Inventory:

Hand Weapons
 a - a +0 falchion (weapon)
 b - a +0 hunting sling
Missiles
 g - 49 stones (quivered)
Armour
 v - a +1 leather armour (worn)
Potions
 e - a potion of agility {unknown}
Books
 c - a book of Battle

   Spells                             Type                      Level
   a - Infusion                       Charms                       1
   b - Shroud of Golubria             Charms/Translocation         2
   c - Song of Slaying                Charms                       2
   d - Spectral Weapon                Hexes/Charms                 3
   e - Regeneration                   Charms/Necromancy            3
Comestibles
 d - 3 bread rations
 j - a meat ration


   Skills:
 + Level 3.1 Fighting
 - Level 3.2 Long Blades
 - Level 1.2 Armour
 - Level 2.1 Dodging
 - Level 2.1 Spellcasting
 + Level 3.7 Charms


You had 3 spell levels left.
You knew the following spells:

 Your Spells              Type           Power        Failure   Level  Hunger
a - Infusion              Chrm           ##..         6%          1    #......
b - Song of Slaying       Chrm           ##......     10%         2    ###....


Dungeon Overview and Level Annotations

Branches:
Dungeon (3/15)

Altars:


Innate Abilities, Weirdness & Mutations

Shadows flee at your approach. (+LOS)
You can swim through water.
You cover ground slowly.
You can hop short distances.


Message History

The adder hisses angrily. x2; The leopard gecko hisses angrily.
Found a rapier.
There is a stone staircase leading up here.
As you read the scroll labeled VELANN BUXUS, it crumbles to dust.
It is a scroll of enchant armour.
Your +0 leather armour glows green for a moment.
* * * LOW HITPOINT WARNING * * *
You feel sick. The adder bites you.
* * * LOW HITPOINT WARNING * * *
The jackal bites you but does no damage.
As you read the scroll labeled IHOTURGHAISM, it crumbles to dust.
You feel blessed for a moment.
It was a scroll of remove curse.
The jackal closely misses you. The adder closely misses you.
The adder bites you.
* * * LOW HITPOINT WARNING * * *
You are more poisoned.
The adder poisons you! The jackal closely misses you.
Unknown command.
Unknown command.
Are you sure you want to abandon this character and quit the game? (Confirm with "yes".)

###..##.......
##............ .
##......l..)..
.# #............
.## #...........
...#
#..........#....
#............#
#....K.SS...#
#..S...@h#
#..........#
#..........#
#..........#
#..........#
#..........#
##........#.
##.......#.#
######....#


You could see 3 adders, a leopard gecko, a jackal and a kobold.

Vanquished Creatures
  A gnoll (D:1)
  A dart slug (D:1)
  A ball python (D:2)
  3 bats (D:1)
  A giant cockroach (D:1)
  2 goblins (D:1)
  3 hobgoblins (D:1)
  A kobold (D:2)
  2 rats (D:1)
15 creatures vanquished.

Notes
Turn   | Place    | Note
-------+----------+-------------------------------------------
     0 | D:1      | zhorgal the Barachi Skald began the quest for the Orb.
     0 | D:1      | Reached XP level 1. HP: 17/17 MP: 3/3
   264 | D:1      | Reached XP level 2. HP: 22/23 MP: 5/5
   268 | D:1      | Learned a level 2 spell: Song of Slaying
   613 | D:1      | Reached XP level 3. HP: 21/28 MP: 2/6
   914 | D:1      | You fall through a shaft!
   926 | D:3      | HP: 1/29 [adder (4)]
   927 | D:3      | Quit the game

Vault maps used:
D:1:      onia_arrival_pyramid, minmay_misc_feat_doors,
          minmay_misc_feat_secret_circle
D:2:      first_bread

Skill      XL: |  1  2  3 |
---------------+----------+-----
Long Blades    | 3 |  3.2
Fighting       | 3 |  3.1
Armour         | |  1.2
Dodging        | |  2.1
Spellcasting   | |  2.1
Charms         | |  3.7

Action                   || total
-------------------------++-------
Melee: Falchion          ||    30
 Fire: Hunting sling     ||     3
 Cast: Infusion          ||     1
  Use: Scroll            ||     2
 Stab: Sleeping          ||     1
Armor: Leather armour    ||     6
Dodge: Dodged            ||    32
       Rpst.: Falchion   ||    17
